 Dungeon Crawl Stone Soup version 0.31-a0-1009-g454b1f1e0a (webtiles) character file.

Game seed: 2750179594444698477

89 kae the Vexing (level 4, -2/30 HPs)
             Began as a Demonspawn Enchanter on Nov 14, 2023.
             Slain by an unseen horror (3 damage)
             ... on level 7 of the Dungeon.
             The game lasted 00:02:05 (3041 turns).

kae the Vexing (Demonspawn Enchanter)               Turns: 3041, Time: 00:02:05

Health: -2/30      AC:  3    Str:  7 (8)  XL:     4   Next: 31%
Magic:  7/7        EV: 12    Int: 14 (15) God:
Gold:   231        SH:  5    Dex: 16 (17) Spells: 0/8 levels left

rFire   . . .        a - +2 dagger (spect)
rCold   x . .        (no shield)
rNeg    . . .        b - +0 robe
rPois   +            (no helmet)
rElec   .            n - +0 cloak
rCorr   .            (no gloves)
SInv    .            (no boots)
Will    +....        p - amulet of reflection
Stlth   ++           P - ring of poison resistance
HPRegen 0.25/turn    L - ring of flight
MPRegen 0.10/turn

%: reflection
@: enlightened, flying, hasted, very quick
A: spiny 1, agile 1, weak 1, cold vulnerability 1, MP-powered wands
a: no special abilities


You were on level 7 of the Dungeon.
You visited 1 branch of the dungeon, and saw 5 of its levels.

You collected 231 gold pieces.


Innate Abilities, Weirdness & Mutations

You are partially covered in sharp spines.
You are agile. (Dex +4, Str/Int -1)
You are weak. (Str -2)
You are vulnerable to cold. (rC-)
You expend magic power (3 MP) to strengthen your wands.


   Skills:
 * Level 2.1 Short Blades
 - Level 1.7 Dodging
 + Level 3.1 Stealth
 + Level 2.5 Spellcasting
 * Level 3.7 Hexes
 + Level 0.8 Ice Magic


You couldn't memorise any spells.
You knew the following spells:

 Your Spells              Type           Power      Damage    Failure   Level
a - Ensorcelled Hibernat  Hex/Ice        16%        N/A       13%         2
b - Confusing Touch       Hex            12%        N/A       14%         3
c - Tukima's Dance        Hex            12%        N/A       14%         3

Your spell library contained the following spells:

 Spells                   Type           Power      Damage    Failure   Level
 Dazzling Flash           Conj/Hex       14%        N/A       30%         3
 Sublimation of Blood     Necr           1%         N/A       34%         2
 Wereblood                Tmut           1%         N/A       34%         2
 Volatile Blastmotes      Fire/Tloc      2%         2d10      56%         3
 Fulminant Prism          Conj/Hex       3%         3d5       71%         4
 Iskenderun's Mystic Bla  Conj/Tloc      1%         2d3       92%         4
 Summon Hydra             Summ           0%         N/A       100%        7

Inventory:

Hand Weapons
 a - a +2 spectral dagger (weapon)
Missiles
 d - 51 stones
 f - a throwing net {=f!f}
Armour
 b - a +0 robe (worn)
 n - a +0 cloak (worn)
   (You found it on level 2 of the Dungeon)
Magical Staves
 m - a staff of earth {!a}
   (You found it on level 2 of the Dungeon)
 o - a staff of conjuration {!a}
   (You found it on level 1 of the Dungeon)
Jewellery
 p - an amulet of reflection (around neck)
   (You found it on level 1 of the Dungeon)
 L - a ring of flight (right hand)
   (You found it on level 3 of the Dungeon)
 P - a ring of poison resistance (left hand)
   (You found it on level 1 of the Dungeon)
Scrolls
 j - 2 scrolls of vulnerability {!r!r}
Potions
 c - 2 potions of invisibility
 e - a potion of enlightenment
 g - a potion of haste {@q3}
 i - a potion of might

Dungeon Overview and Level Annotations

Branches:
Dungeon (4/15) Zot: 26966  Temple (0/1) D:4

Altars:
Hepliaklqana
Sif Muna
Trog

#$#.z...#.##..
..##.#
.$###.####. ##.##
..#
#.#.####.#####T##
..# #. .#$#
#..#..## #.#
#.#.#.#####.###
#. #.#.#W#.#.$##
#.#.#.#.#.#.#..#
..u.}KO....#...#
.#.#.#@#.##..#.#
#.#.# ##..# #.###
### #(# ###


You could see a white ugly thing, a two-headed ogre, a wraith and a kobold
brigand.


Message History

You see here a +0 sling.
You barely miss the cyclops.
Your +2 spectral dagger hits the cyclops.
The cyclops hits you!!
Ouch! That really hurt!
* * * LOW HITPOINT WARNING * * *
There are monsters nearby! 😱 HP[-25]
You take 25 damage, and now have 5/30 hp.
MASSIVE DAMAGE!! (PAUSE) Unknown command.
Okay, then.
Your +2 spectral dagger disappears.
Okay, then.
It was a potion of enlightenment.
You feel more buoyant.
The shadow imp closely misses you. 😱 HP[+1] It was a potion of degeneration.
There was something very wrong with that liquid.
You feel weakened.
You feel dopey.
You feel clumsy.
A wight comes into view. It is wielding a +2 falchion.
You block the shadow imp's attack.
It was a potion of mutation.
You feel extremely strange.
You feel weaker.
You feel your magical essence link to the dungeon's wands.
You feel vulnerable to cold.
You feel agile. The shadow imp misses you.
It was a potion of magic.
Magic courses through your body.
The shadow imp is struck by your spines.
The shadow imp hits you.
* * * LOW HITPOINT WARNING * * *
😱 HP[-4]
You take 4 damage, and now have 2/30 hp.
It was a potion of curing.
You feel better.
A kobold brigand comes into view.
It is wielding a +0 dagger, quivering curare-tipped darts and carrying a wand of roots.
You block the shadow imp's attack. 😨 HP[+7]
You regained 7 hp, and now have 9/30 hp.
It was a potion of haste.
You feel yourself speed up. The shadow imp gestures at you.
Pain shoots through your body!
* * * LOW HITPOINT WARNING * * *
😱 HP[-6]
You take 6 damage, and now have 3/30 hp.
Okay, then.
The shadow imp attacks as it pursues you!
The shadow imp is struck by your spines.
The shadow imp misses you.
A two-headed ogre, a white ugly thing and a wraith come into view. 😱 HP[+1]
The cyclops throws a large rock.
The large rock closely misses you. 😱 HP[+1]
A hound and a troll come into view.
A troll, a kobold demonologist, a howler monkey and 2 kobolds come into view.
A kobold is wielding a +0 club and quivering poisoned darts.
The troll shouts!
The kobold shouts!
The kobold demonologist shouts!
You hear a shout! x3; You hear a horrible gurgling sound!
An ice beast, a green ugly thing, a troll, a wight and a kobold come into view.
The wight is wielding a +3 hand axe of freezing.
The green ugly thing gurgles horribly!
The wight barely misses you.
The kobold demonologist mumbles some strange words.
A troll comes into view.
The howler monkey hoots and howls with incredible vigour!
The kobold shouts!
You hear a croak. x2; You hear a shout!
You hear an angry hiss.
You hear a shout!
You hear two shouts!
You hear a bark!
Unknown command.
A kobold comes into view.
It is wielding a staff of earth. 😱 HP[+1]
A gnoll bouda and a gnoll come into view.
The gnoll shouts!
You hear a croak.
The gnoll bouda barks out a call to the hunt!
The gnoll picks up the pace!
You hear a shout!
You hear a loud, deep croak! 😱 HP[+1]
You see here 14 gold pieces. 😨 HP[+1]
The two-headed ogre shouts in stereo!
Something hits you.
* * * LOW HITPOINT WARNING * * *
Deactivating autopickup; reactivate with Ctrl-A. 😱 HP[-4]
You take 4 damage, and now have 4/30 hp.
You hit something.
Your +2 spectral dagger hits something.
Something hits you.
* * * LOW HITPOINT WARNING * * *
😱 HP[-3]
You take 3 damage, and now have 1/30 hp.
Unknown command.
You hit something.
Your +2 spectral dagger hits something but does no damage.
Something completely misses you.
The two-headed ogre closely misses your +2 spectral dagger.
The two-headed ogre hits your +2 spectral dagger with a +0 giant club!
Your spectral weapon shares its damage with you!
* * * LOW HITPOINT WARNING * * *
Unknown command.
Your +2 spectral dagger disappears.
Something hits you.
You die...

Skill      XL: |  1  2  3 |
---------------+----------+-----
Short Blades   | 1 2 |  2.1
Stealth        | 3 |  3.1
Dodging        | |  1.7
Spellcasting   | |  2.5
Hexes          | |  3.7
Ice Magic      | |  0.8

Action                     |  1- 3 |  4- 6 || total
---------------------------+-------+-------++-------
  Melee: Dagger            |    82 |    14 ||    96
   Cast: Ensorcelled Hiber |     1 |       ||     1
    Use: Scroll            |     4 |     3 ||     7
         Potion            |       |     6 ||     6
   Stab: Sleeping          |     9 |     4 ||    13
 Armour: Robe              |    29 |     7 ||    36
  Dodge: Dodged            |    43 |    11 ||    54
  Block: Other             |     6 |     6 ||    12
         Reflection        |     1 |       ||     1

Levels and vault maps discovered:
D:1:      lightli_arrival_flooded_house, layout_basic
D:2:      layout_basic, minmay_fractal_squares_gapless_5
D:3:      layout_basic, overflow_temple_1_default, trog_three_pillars_becter,
          lemuel_crystal_altar, nzn_hepliaklqana_mist_gate,
          hellmonk_ecumenical_altar_heavens_door, minmay_misc_feat_pillars
D:4:      layout_gridville, minmay_temple_entry_poolview, serial_bayou_crossing
D:7:      minmay_the_grid_octo_tiled_octocenter
          [minmay_the_grid_octo_thin_diamonds, minmay_the_grid_octo_teeth,
          minmay_the_grid_octo_focus, minmay_the_grid_octo_shrine,
          minmay_the_grid_octo_prize_big_c,
          minmay_the_grid_square_5x5_gyroscope,
          minmay_the_grid_square_5x5_minivault,
          minmay_the_grid_square_5x5_shrine2,
          minmay_the_grid_square_5x5_almost_minimal], layout_basic,
          nicolae_tso_besieged_by_evil, nzn_wu_jian_council_hall,
          nemelex_dance_club_becter, gup_ossuary_entry_pyramid

Notes
Turn   | Place    | Note
-------+----------+-------------------------------------------
     0 | D:1      | kae the Demonspawn Enchanter began the quest for the Orb.
     0 | D:1      | Reached XP level 1. HP: 13/13 MP: 3/3
     0 | D:1      | magus.rc [v1.11.3]
    34 | D:1      | You pick up a book of Blood and begin reading...
    34 | D:1      | You add the spells Sublimation of Blood, Wereblood and
                  | Summon Hydra to your library.
    99 | D:1      | Reached skill level 1 in Short Blades
   207 | D:1      | HP: 3/13 [endoplasm (1)]
   278 | D:1      | Gained mutation: You are partially covered in sharp spines.
                  | [demonic ancestry]
   278 | D:1      | Reached XP level 2. HP: 19/19 MP: 5/5
   307 | D:1      | Learned a level 2 spell: Ensorcelled Hibernation
   818 | D:1      | Reached XP level 3. HP: 24/24 MP: 6/6
  1669 | D:2      | Reached skill level 3 in Stealth
  1793 | D:2      | Learned a level 3 spell: Confusing Touch
  2074 | D:2      | Reached skill level 2 in Short Blades
  2074 | D:2      | Reached XP level 4. HP: 30/30 MP: 7/7
  2088 | D:3      | Identified the "Jemmo"
  2528 | D:3      | Found a bloodstained altar of Trog.
  2549 | D:3      | You pick up a book of Blasting and begin reading...
  2549 | D:3      | You add the spells Volatile Blastmotes, Fulminant Prism and
                  | Iskenderun's Mystic Blast to your library.
  2606 | D:3      | Found a shimmering blue altar of Sif Muna.
  2724 | D:3      | Found a hazy altar of Hepliaklqana.
  2923 | D:3      | Found a faded altar of an unknown god.
  2990 | D:4      | Learned a level 3 spell: Tukima's Dance
  2996 | D:4      | You are sucked into a shaft and drop 3 floors!
  2997 | D:7      | Noticed a cyclops
  2999 | D:7      | HP: 5/30 [cyclops (25)]
  3003 | D:7      | Gained mutation: You are weak. (Str -2) [potion of
                  | mutation]
  3003 | D:7      | Gained mutation: You expend magic power (3 MP) to
                  | strengthen your wands. [potion of mutation]
  3003 | D:7      | Gained mutation: You are vulnerable to cold. (rC-) [potion
                  | of mutation]
  3003 | D:7      | Gained mutation: You are agile. (Dex +4, Str/Int -1)
                  | [potion of mutation]
  3004 | D:7      | HP: 2/30 [shadow imp (4)]
  3005 | D:7      | Noticed a kobold brigand
  3009 | D:7      | Noticed a two-headed ogre
  3009 | D:7      | Noticed a white ugly thing
  3009 | D:7      | Noticed a wraith
  3017 | D:7      | Noticed a troll
  3018 | D:7      | Noticed a troll
  3018 | D:7      | Noticed a kobold demonologist
  3019 | D:7      | Noticed an ice beast
  3019 | D:7      | Noticed a green ugly thing
  3019 | D:7      | Noticed a troll
  3019 | D:7      | Noticed a troll
  3038 | D:7      | HP: 4/30 [something (4)]
  3039 | D:7      | HP: 1/30 [something (3)]
  3041 | D:7      | Slain by an unseen horror

Vanquished Creatures
  4 adders
  A worm (D:2)
  A dart slug (D:1)
  An orc (D:3)
  3 endoplasms (D:1)
  2 giant cockroaches (D:1)
  3 goblins
  5 hobgoblins
  4 jackals (D:1)
  A quokka (D:1)
  2 ball pythons
  6 bats
  5 frilled lizards
  5 kobolds
  6 rats
49 creatures vanquished.

Table legend:
 A = Non-vault XP
 B = Vault XP
 C = Vault XP percentage of total XP
 D = Non-vault monster count
 E = Vault monster count
 F = Vault count percentage of total count
                 A         B        C        D         E       F
            +---------+---------+-------+---------+---------+-------
      Total |     100 |      28 |  21.9 |      45 |       4 |   8.2
            +---------+---------+-------+---------+---------+-------
        D:1 |      46 |       0 |   0.0 |      27 |       0 |   0.0
        D:2 |      28 |      28 |  50.0 |       9 |       4 |  30.8
        D:3 |      24 |       0 |   0.0 |       8 |       0 |   0.0
        D:4 |       2 |       0 |   0.0 |       1 |       0 |   0.0
            +---------+---------+-------+---------+---------+-------

Skill      XL: |  1  2  3 |
---------------+----------+-----
Short Blades   | 1 2 |  2.1
Stealth        | 3 |  3.1
Dodging        | |  1.7
Spellcasting   | |  2.5
Hexes          | |  3.7
Ice Magic      | |  0.8

Action                     |  1- 3 |  4- 6 || total
---------------------------+-------+-------++-------
  Melee: Dagger            |    82 |    14 ||    96
   Cast: Ensorcelled Hiber |     1 |       ||     1
    Use: Scroll            |     4 |     3 ||     7
         Potion            |       |     6 ||     6
   Stab: Sleeping          |     9 |     4 ||    13
 Armour: Robe              |    29 |     7 ||    36
  Dodge: Dodged            |    43 |    11 ||    54
  Block: Other             |     6 |     6 ||    12
         Reflection        |     1 |       ||     1

Illustrated notes

Table legend:
 A = Kills in this place as a percentage of kills in the entire game.
 B = Kills by you in this place as a percentage of kills by you in the entire game.
 C = Kills by friends in this place as a percentage of kills by friends in the entire game.
 D = Other kills in this place as a percentage of other kills in the entire game.
 E = Experience gained in this place as a percentage of experience gained in the entire game.
 F = Experience gained in this place divided by the number of levels of this place that you have seen.
                   A       B       C       D       E      F
               +-------+-------+-------+-------+-------+----------------------
         Total | 100.0 | 100.0 |   N/A |   N/A | 100.0 |  25.6
       Dungeon | 100.0 | 100.0 |   N/A |   N/A | 100.0 |  25.6
               +-------+-------+-------+-------+-------+----------------------

Table legend: (Time is in decaauts)
 A = Elapsed time spent in this place.
 B = Non-inter-level travel time spent in this place.
 C = Inter-level travel time spent in this place.
 D = Time resting spent in this place.
 E = Time spent auto-exploring this place.
 F = Levels seen in this place.
 G = Mean time per level.
                   A        B        C        D        E       F      G
               +--------+--------+--------+--------+--------+-----+--------+
         Total |   3019 |   2947 |     72 |     14 |   2540 |   5 |  603.8 |
       Dungeon |   3019 |   2947 |     72 |     14 |   2540 |   5 |  603.8 |
               +--------+--------+--------+--------+--------+-----+--------+

Top non-repeatable levels by time:
     D:1: 1150 daAuts
     D:2: 930 daAuts
     D:3: 885 daAuts
     D:7: 32 daAuts
     D:4: 20 daAuts
